 Dungeon Crawl Stone Soup version 0.25.1-2-g60ff931df9 (webtiles) character file.

Game seed: 14035366051703811263

7 growler the Magician (level 1, 0/14 HPs)
             Began as a Demigod Wanderer on Oct 5, 2020.
             Slain by a kobold (3 damage)
             ... on level 1 of the Dungeon.
             The game lasted 00:02:39 (166 turns).

growler the Magician (Demigod Wanderer)              Turns: 166, Time: 00:02:40

Health: 0/14       AC:  2    Str: 14    XL:     1   Next: 73%
Magic:  6/6        EV: 11    Int: 18    God:
Gold:   0          SH:  0    Dex: 14    Spells: 4/5 levels left

rFire    . . .     SeeInvis .   c - +3 dagger
rCold    . . .     Gourm    .   (no shield)
rNeg     . . .     Faith    .   d - +0 robe
rPois    .         Spirit   .   (no helmet)
rElec    .         Reflect  .   (no cloak)
rCorr    .         Harm     .   (no gloves)
MR       .....                  (no boots)
Stlth    +.........             (no amulet)
HPRegen  0.04/turn              (no ring)
MPRegen  0.10/turn              (no ring)

@: no status effects
A: high mp 1
a: no special abilities


You were on level 1 of the Dungeon.
You were not hungry.

You visited 1 branch of the dungeon, and saw 1 of its levels.

Inventory:

Hand Weapons
 a - a +0 club
 b - a cursed -3 short sword
   (You took it off a kobold on level 1 of the Dungeon)
 c - a +3 dagger (weapon)
   (You took it off a goblin on level 1 of the Dungeon)
Armour
 d - a +0 robe (worn)
Comestibles
 e - a ration {!d}


   Skills:
 - Level 1.0 Throwing
 + Level 2.9 Spellcasting
 + Level 1.4 Translocations
   Level 1.0 Fire Magic
   Level 2.6 Poison Magic
   Level 1.0 Evocations


You had 4 spell levels left.
You knew the following spells:

 Your Spells              Type           Power        Failure   Level  Hunger
c - Apportation           Tloc           #.....       9%          1    None

Your spell library contained the following spells:

 Spells                   Type           Power        Failure   Level  Hunger
 Foxfire                  Conj/Fire      #...         14%         1    None
 Blink                    Tloc           N/A          14%         2    ##.....
 Shroud of Golubria       Chrm/Tloc      #.....       19%         2    ##.....
 Gell's Gravitas          Tloc           #.........   26%         3    ###....
 Lesser Beckoning         Tloc           #.........   26%         3    ###....
 Teleport Other           Tloc           #.......     26%         3    ###....
 Recall                   Summ/Tloc      N/A          36%         3    ###....
 Conjure Flame            Conj/Fire      #.......     38%         3    ###....
 Passage of Golubria      Tloc           N/A          65%         4    ####...


Dungeon Overview and Level Annotations

Branches:
Dungeon (1/15)


Innate Abilities, Weirdness & Mutations

You have an increased reservoir of magic. (+10% MP)


Message History

You close the door.
A kobold opens the door.
As you close the door, it creaks loudly!
A kobold opens the door.
You close the door.
A kobold opens the door.
As you close the door, it creaks loudly!
A kobold opens the door.
You close the door.
A kobold opens the door.
As you close the door, it creaks loudly!
A kobold opens the door.
You close the door.
A kobold opens the door.
You close the door.
A kobold opens the door.
You close the door.
A kobold opens the door.
You close the door.
A kobold opens the door.
You close the door.
A kobold opens the door.
You close the door.
A kobold opens the door.
You close the door.
A kobold opens the door.
You close the door.
A kobold opens the door.
The kobold throws a stone.
The stone hits you but does no damage.
You close the door.
A kobold opens the door.
You close the door.
A kobold opens the door.
As you close the door, it creaks loudly!
A kobold opens the door.
You close the door.
A kobold opens the door.
You close the door.
A kobold opens the door.
You close the door.
A kobold opens the door.
You close the door.
A kobold opens the door.
You close the door.
A kobold opens the door.
As you close the door, it creaks loudly!
A kobold opens the door.
You close the door.
A kobold opens the door.
You close the door.
A kobold opens the door.
You close the door.
A kobold opens the door.
You close the door.
A kobold opens the door.
You close the door.
A kobold opens the door.
You close the door.
A kobold opens the door.
You close the door.
A kobold opens the door.
You close the door.
A kobold opens the door.
You close the door.
A kobold opens the door.
You close the door.
A kobold opens the door.
You close the door.
A kobold opens the door.
You close the door.
A kobold opens the door.
You close the door.
A kobold opens the door.
You close the door.
A kobold opens the door.
You closely miss the kobold.
A jackal comes into view.
You hit the kobold.
You kill the kobold!
You hit the kobold. The kobold hits you.
You die...

#. ###K#
#.####...#
##.#.[g(###
#....####
#..#rK#
#####K#
###.##.#
#...##(#
#@####(# #####
#.Krh(.# #...#
#.####(###.#.#
#...##(.'..#<#
###.##.###.#.#
####.# #...#
#.# ##### #.#
#.#


You could see a jackal, a kobold and a rat.

Vanquished Creatures
  A bat (D:1)
  2 goblins (D:1)
  A hobgoblin (D:1)
  2 kobolds (D:1)
  A rat (D:1)
7 creatures vanquished.

Notes
Turn   | Place    | Note
-------+----------+-------------------------------------------
     0 | D:1      | growler the Demigod Wanderer began the quest for the Orb.
     0 | D:1      | growler set off with the following items: a +0 club, a +0
                  | robe, a ration {!d}; and the following spells available to
                  | memorise: Apportation, Foxfire, Blink, Shroud of Golubria,
                  | Gell's Gravitas, Lesser Beckoning, Teleport Other, Conjure
                  | Flame, Recall, Passage of Golubria
     0 | D:1      | Reached XP level 1. HP: 14/14 MP: 6/6
     2 | D:1      | Learned a level 1 spell: Apportation
   166 | D:1      | Slain by a kobold

Illustrated notes

Levels and vault maps discovered:
D:1:      dpeg_arrival_renting, layout_rooms

Action                   || total
-------------------------++-------
Melee: Club              ||    14
       Dagger            ||    13
 Stab: Sleeping          ||     1
Armor: Robe              ||    11
Dodge: Dodged            ||    16
